 Dungeon Crawl Stone Soup version 0.25-a0-353-ged6d54792d (webtiles) character file.

Game seed: 1107144294098366902, levelgen mode: deterministic

899 BritishOli the Slasher (level 7, -6/55 HPs)
             Began as a Demonspawn Gladiator on Jan 2, 2020.
             Was a Believer of Okawaru.
             Mangled by an orc warrior
             ... wielding a +0 trident
              (9 damage)
             ... on level 6 of the Dungeon.
             The game lasted 00:05:57 (3956 turns).

BritishOli the Slasher (Demonspawn Gladiator)       Turns: 3956, Time: 00:05:57

Health: -6/55      AC:  4    Str: 16    XL:     7   Next: 79%
Magic:  0/7        EV: 16    Int: 10    God:    Okawaru [**....]
Gold:   191        SH:  0    Dex: 14    Spells: 6/6 levels left

rFire    + . .     SeeInvis .   a - +0 long sword
rCold    x . .     Gourm    .   (no shield)
rNeg     . . .     Faith    .   b - +0 leather armour
rPois    +         Spirit   +   (helmet restricted)
rElec    .         Reflect  .   g - +0 cloak {rPois}
rCorr    .         Harm     .   (no gloves)
MR       .....                  (no boots)
Stlth    +.........             r - amulet of regeneration
HPRegen  0.58/turn              G - ring of wizardry
MPRegen  0.10/turn              E - ring of fire

@: no status effects
A: horns 2, repulsion field 1, magic shield
a: Heroism, Renounce Religion


You were on level 6 of the Dungeon.
You worshipped Okawaru.
Okawaru was pleased with you.
You were not hungry.

You visited 1 branch of the dungeon, and saw 6 of its levels.

You collected 191 gold pieces.

Inventory:

Hand Weapons
 a - a +0 long sword (weapon)
Missiles
 d - 3 throwing nets (quivered)
Armour
 b - a +0 leather armour (worn)
 c - a +0 helmet
 g - a +0 cloak of poison resistance (worn)
Jewellery
 r - an amulet of regeneration (around neck)
 y - an uncursed amulet of harm
 A - a +5 ring of intelligence
 E - a ring of fire (right hand)
 G - a ring of wizardry (left hand)
Scrolls
 h - 8 scrolls of remove curse {unknown}
 i - a scroll of magic mapping {unknown}
 k - 3 scrolls of teleportation {unknown}
 m - 2 scrolls of immolation {unknown}
 o - 2 scrolls of noise {unknown}
 q - 3 scrolls of identify {unknown}
 s - 4 scrolls of enchant weapon {unknown}
 t - 2 scrolls of blinking {unknown}
 x - a scroll of amnesia {unknown}
 B - a scroll of fog {unknown}
 F - a scroll of random uselessness {unknown}
Potions
 e - 2 potions of lignification {unknown}
 j - a potion of haste {unknown}
 l - 2 potions of mutation {unknown}
 n - 3 potions of cancellation {unknown}
 p - 3 potions of curing {unknown}
 u - 3 potions of ambrosia {unknown}
 v - 2 potions of might {unknown}
 w - 3 potions of flight {unknown}
 z - a potion of magic {unknown}
 C - a potion of heal wounds {unknown}
 D - 2 potions of degeneration {unknown}
Comestibles
 f - 10 rations


   Skills:
 + Level 4.4 Fighting
 * Level 5.7 Long Blades
 - Level 2.0 Throwing
 + Level 3.3 Armour
 + Level 4.5 Dodging


You had 6 spell levels left.
You didn't know any spells.
Your spell library was empty.

Dungeon Overview and Level Annotations

Branches:
Dungeon (6/15)             Temple (0/1) D:6

Altars:
Okawaru
The Shining One

Annotations:
D:6 Pikel


Innate Abilities, Weirdness & Mutations

You have a pair of horns on your head.
You are surrounded by a mild repulsion field. (EV +2)
When hurt, damage is shared between your health and your magic reserves.


Message History

You hit the orc warrior but do no damage.
Your headbutt misses the orc warrior.
The orc warrior hits you with a +0 trident!
You are too injured to fight recklessly!
You are too injured to fight recklessly!
You are too injured to fight recklessly!
You are too injured to fight recklessly!
You hit the orc warrior but do no damage.
You headbutt the orc warrior, but do no damage.
The orc warrior hits you with a +0 trident!
* * * LOW HITPOINT WARNING * * *
You hit the orc warrior.
The orc warrior is lightly wounded.
The orc warrior misses you.
You riposte.
You closely miss the orc warrior. Your headbutt misses the orc warrior.
The orc warrior is lightly wounded.
The orc warrior hits you with a +0 trident!
* * * LOW HITPOINT WARNING * * *
The orc warrior hits you from afar with a +0 trident!
You die...

#... .#..... ### ........ ....
#.....# #.#. #.....###### ....
#.....##...##############.##
#.........................##..o..
#.....#####.# %.: ###...
#.........#.# .. ....
#.........#.# # #..#
#......#....#$# #...
#..........<# ##$#


You could see an orc warrior.

Vanquished Creatures
  Sigmund (D:4)
  Edmund (D:4)
  An ogre (D:5)
  2 scorpions
  A crimson imp (D:5)
  A hound (D:4)
  An iguana (D:5)
  A bullfrog skeleton (D:4)
  2 orc wizards (D:5)
  Natasha (twice) (D:4)
  A worker ant (D:5)
  6 adders
  A shadow imp (D:5)
  2 oozes
  3 worms
  4 dart slugs
  A leopard gecko (D:3)
  15 orcs
  2 ball pythons (D:2)
  4 bats
  6 giant cockroaches
  11 goblins
  8 hobgoblins
  4 jackals (D:3)
  A quokka (D:3)
  4 frilled lizards
  5 rats
91 creatures vanquished.

Notes
Turn   | Place    | Note
-------+----------+-------------------------------------------
     0 | D:1      | BritishOli the Demonspawn Gladiator began the quest for the
                  | Orb.
     0 | D:1      | Reached XP level 1. HP: 16/16 MP: 1/1
   209 | D:1      | Gained mutation: You are surrounded by a mild repulsion
                  | field. (EV +2) [demonic ancestry]
   209 | D:1      | Reached XP level 2. HP: 11/22 MP: 2/2
   465 | D:1      | Reached skill level 3 in Long Blades
   974 | D:2      | Gained mutation: You have a pair of small horns on your
                  | head. [demonic ancestry]
   974 | D:2      | Reached XP level 3. HP: 28/28 MP: 3/3
  1381 | D:2      | Reached skill level 1 in Armour
  1581 | D:3      | Reached XP level 4. HP: 30/34 MP: 4/4
  1634 | D:3      | Found an iron altar of Okawaru.
  1644 | D:3      | Became a worshipper of Warmaster Okawaru
  1834 | D:3      | Found a faded altar of an unknown god.
  2139 | D:4      | Gained mutation: You have a pair of horns on your head.
                  | [demonic ancestry]
  2139 | D:4      | Reached XP level 5. HP: 15/41 MP: 5/5
  2206 | D:4      | Noticed Sigmund
  2218 | D:4      | Killed Sigmund
  2218 | D:4      | Reached * piety under Okawaru
  2218 | D:4      | Reached skill level 4 in Long Blades
  2218 | D:4      | Reached XP level 6. HP: 9/47 MP: 6/6
  2432 | D:4      | Noticed Edmund
  2450 | D:4      | Killed Edmund
  2528 | D:4      | Reached skill level 5 in Long Blades
  2528 | D:4      | Gained mutation: When hurt, damage is shared between your
                  | health and your magic reserves. [demonic ancestry]
  2528 | D:4      | Reached XP level 7. HP: 52/53 MP: 7/7
  2536 | D:4      | Noticed Natasha
  2554 | D:4      | Killed Natasha
  2810 | D:4      | Noticed Natasha
  2820 | D:4      | Killed Natasha
  3067 | D:5      | Entered Level 5 of the Dungeon
  3104 | D:5      | Found a glowing golden altar of the Shining One.
  3191 | D:5      | Reached ** piety under Okawaru
  3869 | D:6      | Noticed Pikel
  3870 | D:6      | Found a staircase to the Ecumenical Temple.
  3953 | D:6      | HP: 1/55 [orc warrior/+0 trident (11)]
  3956 | D:6      | Mangled by an orc warrior

Levels and vault maps discovered:
D:1:      mainiacjoe_arrival_reflecting_pool, layout_basic, st_stairs_8,
          chequers_big_river, minmay_pentomino_u4
D:2:      layout_loops_ring
D:3:      layout_rooms, chequers_ecumenical_altar_simple_redux,
          okawaru_metal_pillars_3
D:4:      layout_loops_ring, first_ration, kennysheep_small_circle,
          uniq_sigmund, uniq_edmund, uniq_natasha
D:5:      layout_gridville, tso_metal_star
D:6:      layout_basic, minitemple, minmay_temple_entry_offerings,
          nicolae_ru_sacrificial_ziggurat, uniq_pikel, uniq_menkaure

Skill      XL: |  1  2  3  4  5  6  7 |
---------------+----------------------+-----
Throwing       | 2 |  2.0
Long Blades    | 3 4 5 |  5.7
Dodging        | 3 4 |  4.5
Armour         | 1 2 3 |  3.3
Fighting       | 3 4 |  4.4

Action                   |  1- 3 |  4- 6 |  7- 9 || total
-------------------------+-------+-------+-------++-------
Melee: Long sword        |    95 |    91 |   112 ||   298
       Headbutt          |    10 |    19 |    35 ||    64
Throw: Throwing net      |       |     3 |       ||     3
 Stab: Sleeping          |     1 |       |       ||     1
       Held in net/web   |       |     3 |       ||     3
  Eat: Chunk             |     2 |     4 |     4 ||    10
Armor: Leather armour    |    27 |    13 |    16 ||    56
Dodge: Dodged            |    68 |    66 |    87 ||   221
       Rpst.: Long sword |    28 |    25 |    34 ||    87

Table legend:
 A = Non-vault XP
 B = Vault XP
 C = Vault XP percentage of total XP
 D = Non-vault monster count
 E = Vault monster count
 F = Vault count percentage of total count
                 A         B        C        D         E       F
            +---------+---------+-------+---------+---------+-------
      Total |     831 |     454 |  35.3 |      85 |       6 |   6.6
            +---------+---------+-------+---------+---------+-------
        D:1 |      34 |       6 |  15.0 |      17 |       3 |  15.0
        D:2 |      48 |       0 |   0.0 |      17 |       0 |   0.0
        D:3 |     102 |       0 |   0.0 |      20 |       0 |   0.0
        D:4 |     212 |     448 |  67.9 |      11 |       3 |  21.4
        D:5 |     426 |       0 |   0.0 |      17 |       0 |   0.0
        D:6 |       9 |       0 |   0.0 |       3 |       0 |   0.0
            +---------+---------+-------+---------+---------+-------
